 Dungeon Crawl Stone Soup version 0.19-a0-1861-g35def1e (webtiles) character file.

109 Alarkh the Caller (level 4, -12/30 HPs)
             Began as a Mummy Summoner on Oct 12, 2016.
             Killed from afar by a giant cockroach (42 damage)
             ... with an exploding inner flame
             ... hexed by the player character
             ... on level 3 of the Dungeon.
             The game lasted 00:04:04 (2512 turns).

Alarkh the Caller (Mummy Summoner)                  Turns: 2512, Time: 00:04:06

Health: -12/30     AC:  2    Str: 11    XL:     4   Next: 60%
Magic:  15/18      EV: 12    Int: 20    God:
Gold:   165        SH:  0    Dex: 12    Spells: 2 memorised, 5 levels left

rFire  x . .     SeeInvis .     a - +2 spear (flame)
rCold  + . .     Gourm    .     l - +0 robe
rNeg   + + +     Faith    .     (no shield)
rPois  ∞         Spirit   .     (no helmet)
rElec  .         Dismiss  .     (no cloak)
rCorr  .         Reflect  .     (no gloves)
MR     .....     Harm     .     (no boots)
Stlth  ++........               (no amulet)
                                h - ring of magical power
                                c - +5 ring of intelligence

@: no status effects
A: no food or potions, fire vulnerability, cold resistance 1, negative energy
resistance 3, torment resistance, unbreathing
a: no special abilities


You were on level 3 of the Dungeon.
You were not hungry.

You visited 1 branch of the dungeon, and saw 3 of its levels.

You collected 165 gold pieces.

Inventory:

Hand Weapons
 a - a +2 spear of flaming (weapon)
 g - a +0 whip
Missiles
 f - 2 throwing nets (quivered)
Armour
 l - a +0 robe (worn)
Magical Staves
 p - an uncursed staff of poison
Jewellery
 c - a +5 ring of intelligence (left hand)
 h - a ring of magical power (right hand)
 m - a +3 ring of dexterity
Scrolls
 d - 4 scrolls of remove curse
 e - a scroll of teleportation
 i - a scroll of random uselessness
 j - a scroll of amnesia {unknown}
 k - a scroll of immolation
 n - a scroll of identify {unknown}
 o - a scroll of enchant weapon {unknown}
Books
 b - a book of Callings

   Spells                             Type                      Level
   a - Summon Small Mammal            Summoning                    1
   b - Call Imp                       Summoning                    2
   c - Call Canine Familiar           Summoning                    3
   d - Summon Guardian Golem          Hexes/Summoning              3
   e - Summon Lightning Spire         Summoning/Air                4
   f - Summon Ice Beast               Ice/Summoning                4


   Skills:
 - Level 1.5 Dodging
 - Level 1.5 Stealth
 + Level 3.3 Spellcasting
 + Level 4.3 Summonings


You had 5 spell levels left.
You knew the following spells:

 Your Spells              Type           Power        Failure   Level  Hunger
a - Call Canine Familiar  Summ           ###.....     10%         3    N/A
e - Summon Small Mammal   Summ           ###.         2%          1    N/A

Dungeon Overview and Level Annotations

Branches:
Dungeon (3/15)

Altars:
Trog


Innate Abilities, Weirdness & Mutations

You do not eat or drink.
Your flesh is vulnerable to fire.
You are immune to poison.
Your flesh is cold resistant. (rC+)
You are immune to negative energy. (rN+++)
You are immune to unholy pain and torment.
You can survive without breathing.


Message History

A giant cockroach is nearby!
A giant cockroach is nearby!
Attack whom?
Press: ? - help, Dir - move target cursor, f - giant cockroach
Aim: a giant cockroach (clinging, inner flame)
You reach to attack!
You hit the giant cockroach but do no damage.
Casting: Call Canine Familiar
Confirm with . or Enter, or press ? or * to list all spells.
The giant cockroach bites you but does no damage.
The giant cockroach misses you.
Unknown command.
Your hound bites the giant cockroach. x2
The giant cockroach explodes!
The fiery explosion engulfs your hound.
You kill your hound!
Your hound's corpse disappears in a puff of smoke!
The fiery explosion engulfs you! The fire burns you terribly!
Ouch! That really hurt!
You die...

#h........ #..# #.......... #
#..# #>###..#....#. #..# #.#
.(.....>.######..#
#g###..#..............# #####
#......# #.####.####..#####...#
##..##.###.####§## #..##......#
###............§§§###..##.##†..#
#..###..###.####@§........###.##
#..# #..............#..#### #.#
#..###..###.####....#..######.#
..#.........†>......#......##.#
######..............##.....##.#
#.....................##.#
#..........#...##.....##.#
#.......†(†...........##.#
##.........#...####......#


There were no monsters in sight!

Vanquished Creatures
  A worm (D:3)
  A dart slug (D:2)
  A leopard gecko (D:2)
  3 orcs (D:3)
  4 bats
  A giant cockroach (D:3)
  2 goblins
  2 hobgoblins
  3 frilled lizards (D:1)
  4 kobolds
  9 rats
31 creatures vanquished.

Vanquished Creatures (collateral kills)
  An orc priest (D:2)
  An orc wizard (D:3)
  3 adders
  A worm (D:3)
  2 leopard geckos
  An orc (D:3)
  2 bats
  3 giant cockroaches
  2 hobgoblins
  3 jackals (D:2)
  2 kobolds
  A ball python (D:1)
  2 frilled lizards
  A goblin (D:2)
  7 rats
32 creatures vanquished.

Grand Total: 63 creatures vanquished

Notes
Turn   | Place    | Note
-------+----------+-------------------------------------------
     0 | D:1      | Alarkh the Mummy Summoner began the quest for the Orb.
     0 | D:1      | Reached XP level 1. HP: 13/13 MP: 3/3
   398 | D:1      | Reached XP level 2. HP: 13/19 MP: 1/5
  1179 | D:2      | Reached XP level 3. HP: 7/24 MP: 5/7
  1582 | D:2      | Learned a level 3 spell: Call Canine Familiar
  1723 | D:2      | Noticed a moth of wrath
  1726 | D:2      | Found a bloodstained altar of Trog.
  1896 | D:2      | Reached skill level 4 in Summonings
  2225 | D:3      | Reached XP level 4. HP: 30/30 MP: 7/8
  2512 | D:3      | Killed from afar by a giant cockroach

Vault maps used:
D:1:      minmay_arrival_up_and_down
D:2:      tgw_trog, minmay_close_crescents
D:3:      first_bread, minmay_misc_feat_rows, kennysheep_orc_chapel

Skill      XL: |  1  2  3 |
---------------+----------+-----
Spellcasting   | 3 |  3.3
Summonings     | 4 |  4.3
Dodging        | |  1.5
Stealth        | |  1.5

Action                   |  1- 3 |  4- 6 || total
-------------------------+-------+-------++-------
Melee: Unarmed           |    80 |       ||    80
       Whip              |    22 |       ||    22
       Spear             |    13 |    31 ||    44
 Cast: Summon Small Mamm |    50 |       ||    50
       Call Canine Famil |     7 |     5 ||    12
  Use: Scroll            |     4 |     2 ||     6
 Stab: Sleeping          |     1 |     2 ||     3
Armor: Robe              |    30 |     1 ||    31
Dodge: Dodged            |   107 |    14 ||   121
